 Dungeon Crawl Stone Soup version 0.28.0-53-g5a82cb258f (webtiles) character file.

Game seed: 273344604639689130

760 Nyth the Cudgeller (level 7, -1/61 HPs)
             Began as a Minotaur Berserker on Aug 8, 2022.
             Was a Follower of Trog.
             Slain by a kobold brigand
             ... wielding a +0 short sword
              (6 damage)
             ... on level 6 of the Dungeon.
             The game lasted 00:18:19 (5683 turns).

Nyth the Cudgeller (Minotaur Berserker)             Turns: 5683, Time: 00:18:19

Health: -1/61      AC:  6    Str: 21    XL:     7   Next: 51%
Magic:  6/6        EV: 10    Int:  4    God:    Trog [*.....]
Gold:   237        SH:  8    Dex: 12    Spells: 6/6 levels left

rFire   . . .      SeeInvis .   h - +1 whip
rCold   . . .      Faith    .   B - +0 kite shield
rNeg    . . .      Spirit   .   l - +0 ring mail
rPois   .          Reflect  .   (helmet restricted)
rElec   .          Harm     .   (no cloak)
rCorr   .          Rampage  .   (no gloves)
Will    .....                   (no boots)
Stlth   +.........              (no amulet)
HPRegen 0.20/turn               (no ring)
MPRegen 0.10/turn               (no ring)

@: lethally poisoned (-1 -> -8), on berserk cooldown, slowed, very slow
A: horns 2, retaliatory headbutt
a: Renounce Religion, Berserk


You were on level 6 of the Dungeon.
You worshipped Trog.
Trog was aware of your devotion.
You visited 1 branch of the dungeon, and saw 6 of its levels.

You collected 237 gold pieces.

Inventory:

Hand Weapons
 e - a +0 dagger of venom
 h - a +1 whip (weapon)
 r - a +0 shortbow
Missiles
 s - 86 arrows
Armour
 l - a +0 ring mail (worn)
 q - a +0 helmet
 B - a +0 kite shield (worn)
Jewellery
 u - a ring of magical power
Wands
 n - a wand of polymorph (13)
 A - a wand of flame (11)
 C - a wand of digging (6)
Scrolls
 d - 6 scrolls of identify {unknown}
 j - a scroll of holy word {unknown}
 k - 3 scrolls of fear {unknown}
 m - 2 scrolls of immolation {unknown}
 o - a scroll of noise {unknown}
 t - 2 scrolls of teleportation {unknown}
 x - a scroll of amnesia {unknown}
 y - a scroll of enchant armour {unknown}
Potions
 f - a potion of attraction {unknown}
 i - 2 potions of lignification {unknown}
 p - 3 potions of heal wounds {unknown}
 v - a potion of mutation {unknown}
 w - 2 potions of brilliance {unknown}
 z - a potion of might {unknown}
 D - 2 potions of curing {unknown}


   Skills:
 + Level 5.2 Fighting
 * Level 7.0 Maces & Flails
 + Level 5.8 Armour
 + Level 3.6 Dodging
 - Level 1.0 Stealth
 * Level 2.3 Shields


You had 6 spell levels left.
You didn't know any spells.
Your spell library contained the following spells:

 Spells                   Type           Power      Damage    Failure   Level
 Freeze                   Ice            0%         1d3       96%         1
 Frozen Ramparts          Ice            0%         1d2       100%        3
 Hailstorm                Conj/Ice       0%         3d3       100%        4


Dungeon Overview and Level Annotations

Branches:
Dungeon (6/15)
 Temple: D:4-7

Altars:
Cheibriados
Kikubaaqudgha
Nemelex Xobeh
Ru
Xom
The Shining One


Innate Abilities, Weirdness & Mutations

You have a pair of horns on your head.
You reflexively headbutt those who attack you in melee.


Message History

The kobold brigand hits you with a +0 short sword. x2
The kobold brigand throws a curare-tipped dart.
The curare-tipped dart hits you.
You are poisoned.
You have difficulty breathing.
You feel as though you will be slow longer.
You feel the effects of Trog's Hand fading.
You feel very sick.
The kobold brigand completely misses you.
The kobold brigand barely misses you. You furiously retaliate!
You headbutt the kobold brigand. You closely miss the kobold brigand.
You headbutt the kobold brigand.
The kobold brigand is heavily wounded.
You feel very sick.
The kobold brigand hits you with a +0 short sword!
You feel very sick.
The kobold brigand hits you with a +0 short sword.
You feel very sick.
Your skin stops crawling.
You feel less strong-willed.
You feel sick.
The kobold brigand hits you with a +0 short sword. x2
* * * LOW HITPOINT WARNING * * *
Found a book of Burglary and a scroll labelled DOUBRIANAO.
Found a stone staircase leading down.
You feel sick.
You see here a +0 mace.
You feel sick.
You feel sick.
You are no longer poisoned.
Found a runed granite ring.
The kobold brigand throws a curare-tipped dart.
The curare-tipped dart hits you.
You are poisoned.
You have difficulty breathing.
* * * LOW HITPOINT WARNING * * *
You feel as though you will be slow longer.
There is a stone staircase leading down here.
* * * LOW HITPOINT WARNING * * *
You feel very sick.
The kobold brigand hits you with a +0 short sword.
You die...

..###.####..#
.............
#:##.......#
#####.##.)#
##...#.##..#
##......K...#
#......K##.##
#.#...KK##K#
#......@##K#
##......##K#
#.....?.##K#
#..#.##...KK
#..#. #.....
.. #. #.....
#...... #..=.


You could see a kobold brigand and 3 kobolds.

Vanquished Creatures
  2 black bears (D:5)
  A sky beast (D:5)
  A centaur (D:3)
  2 scorpions
  A wyvern skeleton (D:5)
  A bullfrog zombie (D:5)
  A bullfrog skeleton (D:6)
  A centaur skeleton (D:5)
  2 iguanas (D:5)
  5 adders
  3 dart slugs
  4 orcs (D:3)
  3 bat skeletons (D:3)
  3 bat zombies (D:3)
  3 endoplasms
  3 giant cockroaches
  8 goblins
  9 hobgoblins
  3 quokkas
  11 ball pythons
  3 bats
  8 kobolds
  2 rats
80 creatures vanquished.

Notes
Turn   | Place    | Note
-------+----------+-------------------------------------------
     0 | D:1      | Nyth the Minotaur Berserker began the quest for the Orb.
     0 | D:1      | Reached XP level 1. HP: 19/19 MP: 0/0
   293 | D:1      | Reached XP level 2. HP: 20/27 MP: 1/1
   406 | D:1      | Reached skill level 4 in Maces & Flails
   485 | D:1      | Found a faded altar of an unknown god.
  1415 | D:2      | Reached XP level 3. HP: 34/34 MP: 2/2
  2343 | D:3      | Found a glowing golden altar of the Shining One.
  2413 | D:3      | Reached XP level 4. HP: 39/41 MP: 3/3
  2572 | D:3      | Noticed a centaur
  2579 | D:3      | Killed a centaur
  2580 | D:3      | Reached skill level 5 in Maces & Flails
  2580 | D:3      | Reached XP level 5. HP: 47/47 MP: 4/4
  2671 | D:3      | Found a faded altar of an unknown god.
  3026 | D:3      | Found an ancient bone altar of Kikubaaqudgha.
  3026 | D:3      | Reached ** piety under Trog
  3765 | D:4      | Found a sacrificial altar of Ru.
  3769 | D:4      | Found a snail-covered altar of Cheibriados.
  3774 | D:4      | Found a shimmering altar of Xom.
  4001 | D:5      | Entered Level 5 of the Dungeon
  4007 | D:5      | Found a sparkling altar of Nemelex Xobeh.
  4107 | D:5      | Reached XP level 6. HP: 37/55 MP: 5/5
  4339 | D:5      | Noticed a sky beast
  4353 | D:5      | Killed a sky beast
  4354 | D:5      | Reached skill level 5 in Fighting
  4354 | D:5      | Reached skill level 6 in Maces & Flails
  4354 | D:5      | Reached skill level 5 in Armour
  4354 | D:5      | Reached skill level 1 in Stealth
  4354 | D:5      | Reached skill level 1 in Shields
  4683 | D:5      | Reached XP level 7. HP: 19/61 MP: 6/6
  5662 | D:6      | Reached skill level 7 in Maces & Flails
  5683 | D:6      | Slain by a kobold brigand

Illustrated notes

Levels and vault maps discovered:
D:1:      saegor_arrival_simple_a, layout_loops_ring,
          ebering_ecumenical_altar_webs
D:2:      layout_basic
D:3:      layout_rooms, mainiacjoe_overflow_paths, kennysheep_vampire_church,
          nicolae_overflow_ecumenical_swirl, chequers_jeans
D:4:      layout_rooms, grunt_temple_overflow_diamond
D:5:      layout_loops_corners, nemelex_spade_bored_becter
D:6:      layout_loops_ring, minmay_temple_entry_wispy

Skill      XL: |  1  2  3  4  5  6  7 |
---------------+----------------------+-----
Maces & Flails | 4 5 6 7 |  7.0
Fighting       | 4 5 |  5.2
Armour         | 3 4 5 |  5.8
Dodging        | 3 |  3.6
Stealth        | 1 |  1.0
Shields        | 1 2 |  2.3

Action                   |  1- 3 |  4- 6 |  7- 9 || total
-------------------------+-------+-------+-------++-------
Melee: Mace              |    26 |       |       ||    26
       Headbutt          |     7 |    16 |     5 ||    28
       Whip              |    39 |   102 |    27 ||   168
Invok: Berserk           |     3 |     5 |     3 ||    11
       Trog's Hand       |       |     1 |     1 ||     2
Evoke: Wand              |       |     1 |       ||     1
  Use: Scroll            |       |       |     1 ||     1
 Stab: Sleeping          |     1 |       |       ||     1
Armor: Animal skin       |     8 |       |       ||     8
       Ring mail         |     7 |    48 |     7 ||    62
Dodge: Dodged            |    47 |    87 |    12 ||   146
Block: Buckler           |     1 |    11 |       ||    12
       Kite shield       |       |     3 |    14 ||    17
